AoeStats
← mmartel76

Arabia

511042823Analyzed
1v1 RM · 5h ago on Oct 3, 2026· 83m 48s· 2 players
Game mode
Random Map
Map size
Tiny (2 player)
Population
200
Speed
Normal
Resources
Standard
Victory
Conquest
Starting age
Dark Age
Ending age
Imperial Age
RankedLock teamsTeams togetherTeam positionsShared explorationLock speedFull tech treeHidden civsTurbo modeCheats
Victory
Defeat
🇵🇪 Britons · Peru
532
+11
🇨🇦 Poles · Canada
429
-11
mmartel76
3:09 Loom
10:51 Feudal Age
12:26 Double-Bit Axe
14:11 Wheelbarrow
14:48 Horse Collar
15:32 Town Watch
15:57 Stone Mining
24:55 Castle Age
23:13 Gold Mining
24:43 Padded Archer Armor
24:35 Fletching
24:56 Forging
24:46 Scale Mail Armor
26:40 Hand Cart
29:08 Ballistics
28:45 Murder Holes
31:25 Treadmill Crane
35:42 Imperial Age
33:25 Crossbowman
34:52 Masonry
34:55 Squires
37:45 Conscription
37:46 Leather Archer Armor
38:24 Fervor
38:34 Sanctity
39:50 Chemistry
39:35 Conscription
40:18 Yeomen
40:49 Architecture
40:31 Scale Barding Armor
41:52 Elite Skirmisher
41:55 Pikeman
43:37 Arbalester
44:40 Heavy Plow
45:20 Gold Shaft Mining
45:10 Bow Saw
48:00 Halberdier
50:27 Elite Longbowman
52:44 Capped Ram
53:54 Bodkin Arrow
54:29 Ring Archer Armor
54:34 Iron Casting
54:14 Chain Mail Armor
54:20 Chain Barding Armor
55:05 Hoardings
55:56 Man-at-Arms
56:22 Gambesons
56:43 Long Swordsman
58:08 Heavy Scorpion
58:23 Two-Handed Swordsman
63:46 Town Patrol
69:52 Champion
74:31 Arrowslits
77:34 Husbandry
77:56 Bracer
79:23 Cavalier
jomgam
1:16 Loom
12:19 Feudal Age
12:49 Double-Bit Axe
12:48 Horse Collar
13:49 Wheelbarrow
15:53 Bloodlines
16:54 Forging
27:05 Castle Age
25:22 Scale Barding Armor
27:35 Light Cavalry
28:16 Husbandry
28:44 Heavy Plow
28:58 Bow Saw
29:25 Iron Casting
29:11 Chain Barding Armor
28:28 Elite Skirmisher
29:18 Padded Archer Armor
29:38 Hand Cart
32:52 Fletching
34:56 Sanctity
34:33 Bodkin Arrow
36:33 Leather Archer Armor
36:25 Gold Mining
36:26 Stone Mining
37:37 Szlachta Privileges
39:05 Redemption
38:56 Devotion
39:09 Fervor
41:12 Stone Shaft Mining
44:11 Imperial Age
42:28 Pikeman
43:09 Squires
42:56 Arson
43:27 Arson
44:42 Ballistics
44:03 Treadmill Crane
44:47 Scale Mail Armor
44:56 Bracer
45:57 Blast Furnace
44:26 Cavalier
44:27 Winged Hussar
51:17 Hoardings
51:23 Man-at-Arms
53:03 Long Swordsman
59:40 Thumb Ring
58:55 Crossbowman
60:48 Masonry
60:35 Arbalester
63:24 Murder Holes
67:01 Elite Obuch
71:43 Sappers
73:41 Fortified Wall
73:18 Arrowslits
78:11 Chemistry
78:59 Crop Rotation
Connection lost

Rejoining the realm…

Still unreachable

The connection could not be restored.

Session expired

The server has moved on; the page needs a fresh start.